 Dungeon Crawl Stone Soup version 0.29.1-1-gd02db6906a (webtiles) character file.

Game seed: 5321443649175139811

51 quakins the Shield-Bearer (level 4, 0/35 HPs)
             Began as a Formicid Fighter on Oct 17, 2022.
             Was a Plaything of Xom.
             Engulfed by a cloud of flame (15 damage)
             ... on level 2 of the Dungeon.
             The game lasted 00:02:24 (1847 turns).

quakins the Shield-Bearer (Formicid Fighter)        Turns: 1847, Time: 00:02:24

Health: 0/35       AC:  6    Str: 23    XL:     4   Next: 7%
Magic:  4/4        EV:  9    Int:  7    God:    Xom [..*...]
Gold:   111        SH:  5    Dex: 13    Spells: 3/3 levels left

rFire   . . .      SeeInvis +   a - +0 flail
rCold   . . .      Faith    .   c - +0 buckler
rNeg    . . .      Spirit   .   b - +0 scale mail
rPois   .          Reflect  .   (helmet unavailable)
rElec   .          Harm     .   (no cloak)
rCorr   .          Rampage  .   (no gloves)
Will    .....                   (no boots)
Stlth   ..........              (no amulet)
HPRegen 0.11/turn               (no ring)
MPRegen 0.09/turn               (no ring)

@: no status effects
A: permanent stasis, dig shafts and tunnels, antennae 3, four strong arms
a: Dig, Shaft Self, Renounce Religion


You were on level 2 of the Dungeon.
You worshipped Xom.
You were a toy of Xom.
You visited 1 branch of the dungeon, and saw 2 of its levels.

You collected 111 gold pieces.

Inventory:

Hand Weapons
 a - a +0 flail (weapon)
Armour
 b - a +0 scale mail (worn)
 c - a +0 buckler (worn)
Scrolls
 e - 6 scrolls of identify {unknown}
 g - a scroll of immolation {unknown}
 h - a scroll of amnesia {unknown}
 j - a scroll of blinking {unknown}
Potions
 d - a potion of might
 f - a potion of curing {unknown}
 i - a potion of lignification {unknown}


   Skills:
 - Level 3.2 Fighting
 * Level 4.0 Maces & Flails
 - Level 3.2 Armour
 - Level 4.0 Shields


You had 3 spell levels left.
You didn't know any spells.
Your spell library contained the following spells:

 Spells                   Type           Power      Damage    Failure   Level
 Foxfire                  Conj/Fire      0%         2x1d4     82%         1
 Sandblast                Erth           0%         2d4       82%         1
 Passwall                 Tmut/Erth      0%         N/A       91%         2
 Conjure Flame            Conj/Fire      0%         6-21      99%         3
 Inner Flame              Hex/Fire       0%         N/A       99%         3
 Ozocubu's Armour         Ice            0%         N/A       99%         3
 Stone Arrow              Conj/Erth      0%         3d7       99%         3
 Flame Wave               Conj/Fire      0%         2d4       100%        4
 Ozocubu's Refrigeration  Ice            0%         4d7       100%        7


Dungeon Overview and Level Annotations

Branches:
Dungeon (2/15)

Altars:
Xom


Innate Abilities, Weirdness & Mutations

You cannot be hasted, slowed, berserked, paralysed or teleported.
You can dig through walls and to a lower floor.
You have a pair of large antennae on your head. (SInv)
Your four strong arms can wield two-handed weapons with a shield.


Message History

You hit the quokka.
You kill the quokka!
You see here a +0 leather armour.
You now have 111 gold pieces (gained 12).
Found a stone staircase leading down.
There is a stone staircase leading down here.
You pick up Ozocubu's Autobiography and begin reading...
You add the spells Ozocubu's Armour and Ozocubu's Refrigeration to your library.
You see here 6 stones.
j - a scroll labelled DUCVUAK FUBAA You see here 6 stones.
Xom smirks.
You detect items!
Found a stone staircase leading down.
There is a stone staircase leading down here.
There is a stone staircase leading down here.
Xom almost notices you.
Your eyebrows wriggle.
You see here 6 stones.
You see here 6 stones.
You see here 9 stones.
There is a fountain of sparkling water here.
There is a fountain of clear blue water here.
You see here a bat skeleton.
You see here a bat skeleton.
There is a fountain of clear blue water here.
There is a fountain of clear blue water here.
You enter the shallow water.
Moving in this stuff is going to be slow.
There is a stone staircase leading down here.
Partly explored, can't reach some items and places.
Partly explored, can't reach some items and places.
Partly explored, can't reach some items and places.
Really walk into a travel-excluded area?
Found a ruby ring.
You are engulfed in blazing flames.
You are engulfed in blazing flames.
Found 4 stones.
You are engulfed in blazing flames.
You die... "What!?
That's it?"

..# #..##.#.# #.#
..#####..##.### ..# #.#
......#......# ..# #.#
............## §○☼# #.#
......##.....# §○☼# ##.#
..#.####.....#####...###
#..# ..#.#
#.##...§°§.$"=... #.##
..#.# #.#....○○○......○
#.# ..#.#
#.#.##.§☼@.....§§ #.#
..#.# ##.....#####...###
####.# ....# #......#
#..§# #....# ..###
#.#...## #.§§# ######
....###.#....# #§§§#
............######...###
..#.###.#...........##.#
..#.# #.#..##..#..####.#
.##.# #........#.#####.#


There were no monsters in sight!

Vanquished Creatures
  A worm (D:2)
  4 dart slugs (D:1)
  6 ball pythons
  An endoplasm (D:1)
  3 giant cockroaches
  A hobgoblin (D:2)
  6 jackals (D:1)
  3 quokkas
  3 bats
  A frilled lizard (D:2)
  5 kobolds (D:1)
  3 rats
37 creatures vanquished.

Vanquished Creatures (others)
  2 fungi (D:2)
  4 plants (D:2)
6 creatures vanquished.

Grand Total: 43 creatures vanquished

Notes
Turn   | Place    | Note
-------+----------+-------------------------------------------
     0 | D:1      | quakins the Formicid Fighter began the quest for the Orb.
     0 | D:1      | Reached XP level 1. HP: 18/18 MP: 1/1
    58 | D:1      | Reached XP level 2. HP: 17/24 MP: 2/2
   437 | D:1      | Reached XP level 3. HP: 27/29 MP: 3/3
  1389 | D:2      | Reached XP level 4. HP: 34/35 MP: 4/4
  1475 | D:2      | Found a faded altar of an unknown god.
  1478 | D:2      | Prayed at the altar of an unknown god.
  1478 | D:2      | Became a worshipper of Xom of Chaos
  1603 | D:2      | XOM: divination: detect items
  1710 | D:2      | XOM: silly message
  1847 | D:2      | Engulfed by a cloud of flame

Illustrated notes

Levels and vault maps discovered:
D:1:      lightli_molten_gateway, layout_loops_ring
D:2:      layout_loops_cross, shapermc_ecumenical_altar_mp_ritualfount,
          minmay_misc_feat_hallway, amcnicky_mini_rare_corridor_liquid,
          lemuel_flame_loot_1

Skill      XL: |  1  2  3 |
---------------+----------+-----
Maces & Flails | 3 4 |  4.0
Fighting       | |  3.2
Armour         | |  3.2
Shields        | |  4.0

Action                   |  1- 3 |  4- 6 || total
-------------------------+-------+-------++-------
Melee: Flail             |    89 |    12 ||   101
Armor: Scale mail        |    49 |     4 ||    53
Dodge: Dodged            |    53 |     9 ||    62
Block: Buckler           |    35 |     2 ||    37
